 Dungeon Crawl Stone Soup version 0.22-a0-298-g92d99f3 (webtiles) character file.

26464 b5mith the Fighter (level 12, -7/115 HPs)
             Began as a Minotaur Berserker on Mar 24, 2018.
             Was a High Priest of Trog.
             Killed from afar by a deep elf knight (30 damage)
             ... with a stone arrow
             ... on level 14 of the Dungeon.
             The game lasted 00:56:39 (15956 turns).

b5mith the Fighter (Minotaur Berserker)            Turns: 15956, Time: 00:56:39

Health: -7/115     AC: 20    Str: 32    XL:     12   Next: 98%
Magic:  0/11       EV: 13    Int:  4    God:    Trog [*****.]
Gold:   940        SH:  0    Dex: 10    Spells: 11/11 levels left

rFire    . . .     SeeInvis .   a - +9 great sword (drain)
rCold    . . .     Gourm    .   (shield currently unavailable)
rNeg     . . .     Faith    .   w - +0 plate armour
rPois    .         Spirit   +   (helmet restricted)
rElec    .         Reflect  .   y - +0 cloak
rCorr    .         Harm     .   I - +0 pair of gloves
MR       +....                  K - +0 pair of boots
Stlth    ..........             S - amulet of guardian spirit
HPRegen  0.29/turn              p - ring of protection from magic
MPRegen  0.12/turn              (no ring)

@: mighty
A: retaliatory headbutt, horns 2
a: Berserk, Trog's Hand, Brothers in Arms, Renounce Religion


You were on level 14 of the Dungeon.
You worshipped Trog.
Trog was extremely pleased with you.
You were not hungry.

You visited 1 branch of the dungeon, and saw 15 of its levels.

You collected 940 gold pieces.

Inventory:

Hand Weapons
 a - a +9 great sword of draining (weapon)
 b - a +0 hunting sling
 i - the +6 falchion of Vanity {slice, +Inv rN+ Int-3 SInv}
   (You took it off an orc priest on level 6 of the Dungeon)

   It inflicts extra damage upon your enemies.
   It affects your intelligence (-3).
   It protects you from negative energy.
   It lets you see invisible.
   It lets you turn invisible.
 C - a +4 antimagic falchion
Missiles
 e - 474 stones
 P - 6 javelins (quivered)
Armour
 r - a +0 buckler
 w - a +0 plate armour (worn)
 y - a +0 cloak (worn)
 I - a +0 pair of gloves (worn)
 K - a +0 pair of boots (worn)
Jewellery
 p - a ring of protection from magic (left hand)
 u - an uncursed amulet of faith
 z - an uncursed amulet of inaccuracy
 B - a cursed amulet of inaccuracy
 M - an uncursed amulet of the gourmand
 S - an amulet of guardian spirit (around neck)
 V - a cursed ring of teleportation {unknown}
Wands
 m - a wand of polymorph (7)
 s - a wand of scattershot (3)
 x - a wand of random effects (9)
 N - a wand of disintegration (21)
 O - a wand of acid (19)
Scrolls
 d - 8 scrolls of blinking
 f - 4 scrolls of amnesia
 g - 5 scrolls of teleportation
 l - 9 scrolls of remove curse {@r2}
 n - 5 scrolls of magic mapping
 q - 2 scrolls of random uselessness {unknown}
 v - 2 scrolls of enchant weapon
 A - 2 scrolls of fear
 H - a scroll of fog
 Q - 2 scrolls of enchant armour
 W - a scroll of identify {@r1}
 X - a scroll of vulnerability {unknown}
Potions
 h - a potion of cancellation {unknown}
 j - a potion of heal wounds {unknown}
 k - 3 potions of agility
 o - a potion of ambrosia
 t - 3 potions of flight
 D - a potion of might
 E - 5 potions of lignification
 F - a potion of invisibility {unknown}
 G - a potion of curing {@q1}
 J - 2 potions of mutation {unknown}
 L - 2 potions of magic {unknown}
 R - a potion of berserk rage {unknown}
 U - a potion of haste {unknown}
Comestibles
 c - 24 rations
 T - 2 chunks of flesh


   Skills:
 + Level 13.3 Fighting
 + Level 13.3 Long Blades
 + Level 13.0 Armour
 + Level 12.2 Dodging


You had 11 spell levels left.
You didn't know any spells.

Dungeon Overview and Level Annotations

Branches:
Dungeon (15/15)            Temple (0/1) D:4            Lair (0/6) D:9
    Orc (0/2) D:11
 Vaults: D:13-14     Depths: D:15

Altars:
Elyvilon
Ru
Trog
The Shining One
Beogh

Shops:
D:7 *   D:10 (

Portals:
Trove: D:10 (give +3 gold dragon scales)


Innate Abilities, Weirdness & Mutations

You reflexively headbutt those who attack you in melee.
You have a pair of horns on your head.


Message History

You see here an arrow.
A human comes into view.
You recover from your berserk rage.
The human shouts!
The deep elf knight points at you and mumbles some strange words.
The stone arrow hits you!
* * * LOW HITPOINT WARNING * * *
You see here an arrow.
You feel very mighty all of a sudden.
You bump into the rock wall.
You feel less invigorated.
You feel less confused.
The deep elf knight shoots an arrow.
The arrow hits you but does no damage.
The deep elf knight points at you and mumbles some strange words.
The stone arrow hits you!
* * * LOW HITPOINT WARNING * * *
The deep elf knight shoots an arrow.
The arrow barely misses you.
You see here an arrow.
The deep elf knight casts a spell at you.
The stone arrow hits you!
You die...

############# ###
#.@(.(...[...
....#####e###########
........(p#
..........#
..........#
..........#
..........#
..........#
..........#


You could see a deep elf knight and a human.

Vanquished Creatures
  Snorg (D:13)
  The ghost of enarc13 the Quickloader, a journeyman BaAM of Gozag (D:10)
  A death knight (D:14)
  Erica (D:10)
  A two-headed ogre (D:15)
  Nergalle (D:11)
  An unseen horror (D:14)
  2 wizards
  The ghost of samfromsteam the Chopper, a novice MiBe of Trog (D:7)
  Pikel (D:6)
  3 ugly things
  A wolf spider zombie (D:12)
  A manticore (D:14)
  A kobold demonologist (D:13)
  2 freezing wraiths (D:14)
  A wolf spider simulacrum (D:14)
  A hornet (D:14)
  3 trolls
  Prince Ribbit (D:6)
  3 hippogriffs
  Grinder (D:5)
  A meliai zombie (D:13)
  Sigmund (D:5)
  3 shadows
  6 wraiths (D:13)
  Eustachio (D:4)
  15 humans (D:14)
  A basilisk (D:11)
  9 yaks
  A hungry ghost (D:13)
  Edmund (D:6)
  Duvessa (D:5)
  2 porcupines (D:9)
  3 sky beasts
  19 orc warriors
  2 slaves (D:6)
  4 black bears
  4 ice beasts
  5 phantoms
  2 eyes of draining
  A boggart (D:15)
  11 centaurs
  6 ogres
  6 big kobolds
  11 bullfrogs
  A water moccasin zombie (D:8)
  Dowan (D:5)
  2 wyvern skeletons (D:11)
  4 scorpions
  A water moccasin skeleton (D:5)
  9 killer bees
  17 wights
  8 howler monkeys
  5 crimson imps
  A quasit (D:10)
  2 centaur zombies
  Crazy Yiuf (D:2)
  2 jellies
  11 orc priests
  A centaur skeleton (D:12)
  6 hounds
  8 orc wizards
  3 bullfrog skeletons
  8 iguanas
  7 worker ants
  A killer bee zombie (D:6)
  A hound zombie (D:6)
  3 hound skeletons
  A howler monkey zombie (D:11)
  A worker ant zombie (D:8)
  11 gnolls
  14 adders
  3 shadow imps
  2 oozes
  4 worms
  A dart slug (D:1)
  4 leopard geckos
  50 orcs
  5 giant cockroaches
  8 goblins
  4 hobgoblins
  10 jackals
  47 kobolds
  3 quokkas
  6 bats
  5 frilled lizards
  2 jackal zombies
  A leopard gecko skeleton (D:8)
  A quokka skeleton (D:8)
  8 rats
439 creatures vanquished.

Vanquished Creatures (others)
  A centaur (D:6)
  2 bullfrogs (D:6)
  A hound (D:6)
  A shadow imp (D:6)
  A plant (D:10)
6 creatures vanquished.

Grand Total: 445 creatures vanquished

Notes
Turn   | Place    | Note
-------+----------+-------------------------------------------
     0 | D:1      | b5mith the Minotaur Berserker began the quest for the Orb.
     0 | D:1      | Reached XP level 1. HP: 19/19 MP: 0/0
   288 | D:1      | Found a glowing golden altar of the Shining One.
   339 | D:1      | Reached XP level 2. HP: 27/27 MP: 1/1
   843 | D:2      | Reached XP level 3. HP: 24/33 MP: 2/2
  1188 | D:2      | Reached ** piety under Trog
  1460 | D:2      | Found a runed door.
  1857 | D:2      | Noticed Crazy Yiuf
  1862 | D:2      | Killed Crazy Yiuf
  1862 | D:2      | Reached XP level 4. HP: 16/41 MP: 3/3
  2567 | D:3      | Noticed a big kobold
  2570 | D:3      | Killed a big kobold
  2570 | D:3      | Reached XP level 5. HP: 47/47 MP: 4/4
  2833 | D:3      | Reached *** piety under Trog
  2834 | D:3      | Reached skill level 5 in Fighting
  2834 | D:3      | Reached skill level 5 in Long Blades
  2913 | D:3      | Reached XP level 6. HP: 33/56 MP: 5/5
  3375 | D:3      | Reached XP level 7. HP: 62/62 MP: 6/6
  3578 | D:3      | Found a sacrificial altar of Ru.
  4062 | D:4      | Noticed Eustachio
  4072 | D:4      | Reached skill level 5 in Armour
  4081 | D:4      | Killed Eustachio
  4081 | D:4      | Reached skill level 5 in Dodging
  4187 | D:4      | Reached **** piety under Trog
  4757 | D:4      | Found a staircase to the Ecumenical Temple.
  4837 | D:4      | Noticed a hippogriff
  4844 | D:4      | Killed a hippogriff
  4844 | D:4      | Reached XP level 8. HP: 43/71 MP: 7/7
  5269 | D:5      | Entered Level 5 of the Dungeon
  5548 | D:5      | Noticed Grinder
  5562 | D:5      | Killed Grinder
  5674 | D:5      | Reached XP level 9. HP: 66/81 MP: 8/8
  5681 | D:5      | Noticed Sigmund
  5690 | D:5      | Killed Sigmund
  5826 | D:5      | Noticed Duvessa
  5826 | D:5      | Noticed Dowan
  5840 | D:5      | Killed Duvessa
  5842 | D:5      | Killed Dowan
  6165 | D:6      | Reached ***** piety under Trog
  6227 | D:6      | Noticed Pikel
  6248 | D:6      | Killed Pikel
  6286 | D:6      | Noticed Edmund
  6306 | D:6      | Killed Edmund
  6696 | D:6      | Got a fine falchion {slice}
  6701 | D:6      | Identified the +6 falchion of Vanity {slice, +Inv rN+ Int-3 SInv} (You took it off an orc priest on level 6 of the Dungeon)
  7039 | D:6      | Noticed Prince Ribbit
  7048 | D:6      | Killed Prince Ribbit
  7193 | D:7      | Noticed samfromsteam's ghost (novice MiBe)
  7203 | D:7      | Killed samfromsteam's ghost
  7203 | D:7      | Reached XP level 10. HP: 91/91 MP: 9/9
  7486 | D:7      | Found Sucw's General Store.
  7713 | D:7      | Received a gift from Trog
  8824 | D:8      | Reached skill level 10 in Fighting
  8824 | D:8      | Reached skill level 10 in Long Blades
  9624 | D:9      | Reached skill level 10 in Armour
  9700 | D:9      | Found a staircase to the Lair.
  9809 | D:9      | Received a gift from Trog
 10088 | D:9      | Reached XP level 11. HP: 54/101 MP: 10/10
 10271 | D:9      | Found a white marble altar of Elyvilon.
 10530 | D:10     | Entered Level 10 of the Dungeon
 10565 | D:10     | Noticed enarc13's ghost (journeyman BaAM)
 10580 | D:10     | Killed enarc13's ghost
 10853 | D:10     | Found Agorchuo's Antique Weapon Shop.
 10885 | D:10     | Found a portal to a secret trove of treasure.
 11186 | D:10     | Reached skill level 10 in Dodging
 11322 | D:10     | Noticed Erica
 11338 | D:10     | Killed Erica
 12642 | D:11     | Found a roughly hewn altar of Beogh.
 12642 | D:11     | Found a staircase to the Orcish Mines.
 12810 | D:11     | Noticed a green ugly thing
 12819 | D:11     | Killed a green ugly thing
 13325 | D:11     | Noticed Nergalle
 13331 | D:11     | Killed Nergalle
 13369 | D:12     | Noticed a green ugly thing
 13385 | D:12     | Killed a green ugly thing
 13385 | D:12     | Received a gift from Trog
 13486 | D:12     | Reached ****** piety under Trog
 14010 | D:12     | Found a bloodstained altar of Trog.
 14069 | D:12     | Noticed a white ugly thing
 14080 | D:12     | Killed a white ugly thing
 14080 | D:12     | Reached XP level 12. HP: 82/112 MP: 11/11
 14213 | D:12     | You fall through a shaft!
 14297 | D:13     | Noticed Snorg
 14306 | D:13     | Killed Snorg
 15155 | D:13     | Found the +5 scythe "Finisher" {speed, Str+3}
 15504 | D:14     | Paralysed by a hornet for 1 turns
 15869 | D:14     | Noticed a death knight
 15895 | D:15     | Entered Level 15 of the Dungeon
 15900 | D:15     | Noticed a two-headed ogre
 15904 | D:15     | Noticed a centaur warrior
 15905 | D:15     | Noticed a death knight
 15906 | D:15     | Killed a two-headed ogre
 15916 | D:14     | Killed a death knight
 15956 | D:14     | Killed from afar by a deep elf knight

Vault maps used:
D:1:      giann_wishing_wells, tso_metal_star
D:2:      grunt_ministairs_13, uniq_crazy_yiuf_cottage
D:3:      minmay_goblin_kobold_castle, first_ration,
          nicolae_ru_the_path_less_chosen
D:4:      minmay_temple_entry_fiery, nicolae_ossuary_entry_monument,
          uniq_sigmund, uniq_eustachio
D:5:      uniq_grinder, uniq_duvessa
D:6:      minmay_misc_feat_hallway, uniq_pikel, uniq_edmund, uniq_prince_ribbit1
D:7:      serial_shops, kennysheep_little_box, grunt_ogre_cave,
          grunt_ministairs_7
D:9:      elyvilon_altar_3, grunt_lair_entry_orc_guard_hut
D:10:     serial_shops, nicolae_shop_stone, nicolae_trove_entry_crossroad,
          corexii_hall_statues_deadend, serial_bayou_lagoon_a, uniq_erica
D:11:     david_orc_5, uniq_nergalle
D:12:     basic_altar
D:13:     minmay_guarded_unrand_finisher, uniq_snorg
D:14:     grunt_vaults_entry_tiered, lab_entry_generic, serial_shops,
          nicolae_shop_behind_doors, nicolae_wwwww, uniq_roxanne
D:15:     grunt_enter_depths_hoard, minmay_strange_pillars, serial_shops,
          nicolae_shop_waterfront, feat_on_display, uniq_urug

Skill      XL: |  1  2  3  4  5  6  7  8  9 10 11 12 |
---------------+-------------------------------------+-----
Fighting       | 4 5 6 7 9 10 12 13 | 13.3
Long Blades    | 4 5 6 7 9 10 12 13 | 13.3
Armour         | 3 4 6 7 9 10 11 13 | 13.0
Dodging        | 3 4 5 6 8 9 11 12 | 12.2

Action                   |  1- 3 |  4- 6 |  7- 9 | 10-12 || total
-------------------------+-------+-------+-------+-------++-------
Melee: Falchion          |    75 |    92 |    26 |    43 ||   236
       Headbutt          |    10 |    17 |    64 |    85 ||   176
       Mace              |       |     1 |       |       ||     1
       Scimitar          |       |       |    80 |       ||    80
       Long sword        |       |       |   171 |       ||   171
       Great sword       |       |       |       |   462 ||   462
 Fire: Hunting sling     |       |    26 |   120 |   333 ||   479
Invok: Berserk           |     1 |     2 |     4 |     5 ||    12
Evoke: Wand              |       |       |       |     1 ||     1
  Use: Potion            |       |       |     5 |     3 ||     8
       Scroll            |       |       |     8 |    10 ||    18
  Eat: Chunk             |     3 |     4 |    16 |    23 ||    46
       Ration            |       |     1 |       |     3 ||     4
Armor: Animal skin       |     8 |       |       |       ||     8
       Ring mail         |     7 |    36 |    13 |       ||    56
       Plate armour      |       |       |   164 |   463 ||   627
Dodge: Dodged            |    41 |    65 |   121 |   354 ||   581
Block: Buckler           |     1 |    10 |    40 |     4 ||    55
       Rpst.: Falchion   |     9 |    12 |     3 |     6 ||    30
       Scimitar          |       |       |     8 |       ||     8
       Long sword        |       |       |    21 |       ||    21
       Great sword       |       |       |       |    67 ||    67

Table legend:
 A = Spawn XP
 B = Non-spawn XP
 C = Spawn XP percentage of total XP
 D = Spawn monster count
 E = Non-spawn monster count
 F = Spawn count percentage of total count
 G = Total turns spent on level
                    A         B        C        D         E        F      G
               +---------+---------+-------+---------+---------+-------+---------
         Total |       0 |   37806 |   0.0 |       0 |     437 |   0.0 | 15956
               +---------+---------+-------+---------+---------+-------+---------
           D:1 |       0 |      35 |   0.0 |       0 |      19 |   0.0 |   837
           D:2 |       0 |      88 |   0.0 |       0 |      18 |   0.0 |  1281
           D:3 |       0 |     642 |   0.0 |       0 |      59 |   0.0 |  1894
           D:4 |       0 |     863 |   0.0 |       0 |      22 |   0.0 |  1257
           D:5 |       0 |    1775 |   0.0 |       0 |      27 |   0.0 |   842
           D:6 |       0 |    2017 |   0.0 |       0 |      25 |   0.0 |  1079
           D:7 |       0 |    1879 |   0.0 |       0 |      35 |   0.0 |   896
           D:8 |       0 |    1379 |   0.0 |       0 |      27 |   0.0 |  1446
           D:9 |       0 |    2646 |   0.0 |       0 |      30 |   0.0 |   998
          D:10 |       0 |    3062 |   0.0 |       0 |      23 |   0.0 |  1794
          D:11 |       0 |    4406 |   0.0 |       0 |      45 |   0.0 |  1052
          D:12 |       0 |    3477 |   0.0 |       0 |      40 |   0.0 |   837
          D:13 |       0 |    6527 |   0.0 |       0 |      31 |   0.0 |  1120
          D:14 |       0 |    8008 |   0.0 |       0 |      34 |   0.0 |   609
          D:15 |       0 |    1002 |   0.0 |       0 |       2 |   0.0 |    14
               +---------+---------+-------+---------+---------+-------+---------
